 Dungeon Crawl Stone Soup version 0.26-a0-639-g72c4674329 (webtiles) character file.

Game seed: 5163252920131241248

325 Flugslaktarn the Chopper (level 6, -3/57 HPs)
             Began as a Deep Dwarf Fighter on Sept 23, 2020.
             Slain by an ogre
             ... wielding a +0 giant spiked club
              (24 damage)
             ... on level 4 of the Dungeon.
             The game lasted 00:00:33 (614 turns).

Flugslaktarn the Chopper (Deep Dwarf Fighter)        Turns: 614, Time: 00:00:33

Health: -3/57      AC:  9    Str: 22    XL:     6   Next: 24%
Magic:  4/4        EV:  7    Int:  8    God:
Gold:   70         SH: 10    Dex: 12    Spells: 5/5 levels left

rFire    . . .     SeeInvis .   a - +0 war axe
rCold    . . .     Faith    .   c - +0 kite shield
rNeg     . . .     Spirit   .   b - +0 scale mail
rPois    .         Reflect  .   f - +1 helmet
rElec    .         Harm     .   (no cloak)
rCorr    .         Rampage  .   (no gloves)
MR       .....                  (no boots)
Stlth    ..........             (no amulet)
HPRegen  0.00/turn              (no ring)
MPRegen  0.09/turn              (no ring)

@: non-regenerating
A: damage resistance, heal wounds, sense surroundings 1, no regeneration
a: Heal Wounds


You were on level 4 of the Dungeon.
You visited 1 branch of the dungeon, and saw 4 of its levels.

You collected 70 gold pieces.

Inventory:

Hand Weapons
 a - a +0 war axe (weapon)
Armour
 b - a +0 scale mail (worn)
 c - a +0 kite shield (worn)
 f - a +1 helmet (worn)
   (You took it off Robin on level 2 of the Dungeon)
Jewellery
 g - an uncursed ring of magical power {unknown}
   (You found it on level 3 of the Dungeon)
Scrolls
 e - 5 scrolls of remove curse {unknown}
Potions
 d - a potion of might
 h - a potion of heal wounds {unknown}
 i - a potion of resistance {unknown}


   Skills:
 * Level 4.2 Fighting
 * Level 4.5 Axes
 + Level 4.4 Armour
 + Level 4.3 Shields


You had 5 spell levels left.
You didn't know any spells.
Your spell library was empty.

Dungeon Overview and Level Annotations

Branches:
Dungeon (4/15)
 Temple: D:4-7

Altars:


Innate Abilities, Weirdness & Mutations

You are resistant to damage.
You can heal yourself by infusing magical energy.
You passively map a small area around you.
You do not regenerate.


Message History

The ogre moves out of view.
The orc shouts!
The orc wizard casts a spell at you.
You easily resist.
The ogre hits you with a +0 giant spiked club!!
You hit the orc wizard.
The orc wizard is lightly wounded.
You slash the ogre! The orc barely misses you.
The orc wizard gestures at you while chanting.
The puff of flame hits you!
The orc wizard gestures wildly while chanting.
The orc wizard flickers and vanishes!
Deactivating autopickup; reactivate with Ctrl-A.
The ogre barely misses you. The orc hits you but does no damage.
You slash the ogre!
The ogre is almost dead.
You closely miss the orc wizard. You block the orc wizard's attack.
The orc hits you but does no damage.
The ogre hits you with a +0 giant spiked club!!
You die...

* , , .. ...,.# #.
#!# .# #### , , ,
..#.#*.# ...... * **
.#.##.###... ...#####
, ...........
...^....
.#########.#*..... ,
##....
*...........##Oo#.###
#.... *
#.........@.o.....
#.... ,
#.......####...#..* *
#.... , , #.####..# *
..# , #.... #.#).#..#
... , #....
#.#).#..#*+ ##.
####.... * #.##†#..#
, #....... *
#.......#,, ..#
#....... ,
,#.......##
*#..##.##.....(.
#.####...#
#..##.#####.###


You could see an ogre, an orc wizard and an orc.

Vanquished Creatures
  Menkaure (D:4)
  A phantom (D:4)
  An orc priest (D:4)
  An orc wizard (D:4)
  Robin (D:2)
  A leopard gecko (D:4)
  8 orcs
  9 goblins
  6 hobgoblins
  2 bats
  2 frilled lizards (D:3)
  A rat (D:3)
34 creatures vanquished.

Notes
Turn   | Place    | Note
-------+----------+-------------------------------------------
     0 | D:1      | Flugslaktarn the Deep Dwarf Fighter began the quest for the
                  | Orb.
     0 | D:1      | Reached XP level 1. HP: 20/20 MP: 1/1
    54 | D:2      | Noticed Robin
    62 | D:2      | Reached XP level 2. HP: 13/27 MP: 2/2
    71 | D:2      | Killed Robin
    71 | D:2      | Reached XP level 3. HP: 29/34 MP: 2/2
   196 | D:4      | Noticed Menkaure
   207 | D:4      | Killed Menkaure
   207 | D:4      | Reached XP level 4. HP: 6/44 MP: 3/3
   207 | D:4      | Reached XP level 5. HP: 6/50 MP: 4/4
   364 | D:4      | Noticed a phantom
   402 | D:4      | Killed a phantom
   473 | D:4      | Reached XP level 6. HP: 30/57 MP: 4/4
   614 | D:4      | Slain by an ogre

Illustrated notes

Levels and vault maps discovered:
D:1:      ebering_trefoil_twist, layout_loops_ring
D:2:      layout_loops_ring, uniq_robin, uniq_sigmund
D:3:      layout_basic, chequers_garden
D:4:      corexii_shack_village, layout_basic, uniq_menkaure

Skill      XL: |  1  2  3  4  5 |
---------------+----------------+-----
Fighting       | 3 4 |  4.2
Axes           | 3 4 |  4.5
Armour         | 4 |  4.4
Shields        | 4 |  4.3

Action                   |  1- 3 |  4- 6 || total
-------------------------+-------+-------++-------
Melee: War axe           |    41 |    51 ||    92
 Abil: Heal Wounds       |     1 |     3 ||     4
Armor: Scale mail        |    36 |    21 ||    57
Dodge: Dodged            |    21 |    17 ||    38
Block: Kite shield       |    34 |    16 ||    50

Table legend: (Time is in decaauts)
 A = Elapsed time spent in this place.
 B = Non-inter-level travel time spent in this place.
 C = Inter-level travel time spent in this place.
 D = Time resting spent in this place.
 E = Time spent auto-exploring this place.
 F = Levels seen in this place.
 G = Mean time per level.
                   A        B        C        D        E       F      G
               +--------+--------+--------+--------+--------+-----+--------+
         Total |    649 |    608 |     41 |      0 |    403 |   4 |  162.2 |
       Dungeon |    649 |    608 |     41 |      0 |    403 |   4 |  162.2 |
               +--------+--------+--------+--------+--------+-----+--------+

Top non-repeatable levels by time:
     D:4: 459 daAuts
     D:3: 98 daAuts
     D:2: 67 daAuts
     D:1: 24 daAuts
